 Dungeon Crawl Stone Soup version 0.30-a0-341-g682706514a (webtiles) character file.

Game seed: 10545056791234151684

137 Muataran the Chopper (level 5, -5/47 HPs)
             Began as a Hill Orc Fighter on Nov 1, 2022.
             Killed by divine providence
             ... invoked by an orc priest
              (11 damage)
             ... on level 4 of the Dungeon.
             The game lasted 00:02:24 (741 turns).

Muataran the Chopper (Hill Orc Fighter)              Turns: 741, Time: 00:02:26

Health: -5/47      AC:  9    Str: 21    XL:     5   Next: 20%
Magic:  5/5        EV: 11    Int:  8    God:
Gold:   40         SH:  4    Dex: 10    Spells: 4/4 levels left

rFire   . . .      SeeInvis .    a - +0 war axe
rCold   . . .      Faith    .    c - +0 buckler
rNeg    . . .      Spirit   .    e - +0 chain mail
rPois   .          Reflect  .    (no helmet)
rElec   .          Harm     .    (no cloak)
rCorr   .          Rampage  .    (no gloves)
Will    .....                    (no boots)
Stlth   ..........               (no amulet)
HPRegen 0.27/turn                i - +4 ring of evasion
MPRegen 0.09/turn                (no ring)

@: no status effects
A: no striking features
a: Convert to Beogh


You were on level 4 of the Dungeon.
You visited 1 branch of the dungeon, and saw 4 of its levels.

You collected 40 gold pieces.

Inventory:

Hand Weapons
 a - a +0 war axe (weapon)
Armour
 c - a +0 buckler (worn)
 e - a +0 chain mail (worn)
Jewellery
 i - a +4 ring of evasion (left hand)
Scrolls
 b - 2 scrolls of identify
 d - 3 scrolls of noise {unknown}
 j - 2 scrolls of immolation {unknown}
Potions
 f - a potion of resistance {unknown}
 g - a potion of attraction {unknown}
 h - a potion of curing


   Skills:
 + Level 4.4 Fighting
 * Level 4.8 Axes
 + Level 4.0 Armour
 + Level 4.1 Shields


You had 4 spell levels left.
You didn't know any spells.
Your spell library contained the following spells:

 Spells                   Type           Power      Damage    Failure   Level
 Magic Dart               Conj           0%         1d3       99%         1
 Searing Ray              Conj           0%         2d4       100%        2
 Fulminant Prism          Conj/Hex       0%         3d5       100%        4


Dungeon Overview and Level Annotations

Branches:
Dungeon (4/15)             Temple (0/1) D:4

Altars:


Message History

Beogh smites you!
You closely miss the orc priest.
The orc priest threatens, "By the altar or by the axe, you will meet Beogh!"
The orc priest barely misses you.
You completely miss the orc priest. The orc priest barely misses you.
The orc priest closely misses you.
You barely miss the orc priest. You block the orc priest's attack.
You closely miss the orc priest.
The orc priest looks satisfied for a moment.
You closely miss the orc priest.
The orc priest calls down the wrath of Beogh upon you.
Pain shoots through your body! The orc priest barely misses you.
Okay, then.
You closely miss the orc priest.
The orc priest hits you with a +0 flail.
You hit the orc priest but do no damage.
The orc priest begins to cast a cantrip, but forgets the words!
You hit the orc priest but do no damage.
The orc priest shouts, "Join the one true god or die!"
The orc priest shouts, "Beogh is our master!
Accept the truth or die!"
The orc priest misses you.
You hit the orc priest but do no damage.
The orc priest shouts, "Surrender to Beogh and we'll let you live!"
The orc priest closely misses you.
The orc priest hits you but does no damage.
You slash the orc priest!
The orc priest is heavily wounded.
The orc priest barely misses you.
You hit the orc priest but do no damage.
The orc priest is heavily wounded.
The orc priest threatens, "By the altar or by the axe, you will meet Beogh!"
The orc priest looks braver for a moment.
You barely miss the orc priest.
The orc priest is heavily wounded.
The orc priest calls down the wrath of Beogh upon you.
Pain shoots through your body!
* * * LOW HITPOINT WARNING * * *
The orc priest calls down the wrath of Beogh upon you.
Beogh smites you!
You die...

####......######).).###
##### #.###..#....))<)....
#...# #..................#
#...####....###.[.....#...#
#..........###..#####.....#
#....###.#.###.## ###....
#............... .....
#...####.#.#... #.... #...#
#..@#.... ###.#
#...#...)..o...... ..
#...#............. ..
#####..........>..
#............$
#.............
########...... ......


You could see an orc priest.

Vanquished Creatures
  A scorpion (D:4)
  An orc priest (D:4)
  An adder (D:4)
  A worm (D:4)
  8 orcs (D:4)
  3 bats (D:2)
  2 endoplasms
  2 goblins (D:1)
  2 hobgoblins
  7 kobolds
  2 quokkas
  A frilled lizard (D:1)
  3 rats
34 creatures vanquished.

Notes
Turn   | Place    | Note
-------+----------+-------------------------------------------
     0 | D:1      | Muataran the Hill Orc Fighter began the quest for the Orb.
     0 | D:1      | Reached XP level 1. HP: 19/19 MP: 1/1
   143 | D:1      | Reached XP level 2. HP: 25/27 MP: 2/2
   194 | D:3      | Noticed a scorpion
   533 | D:4      | Reached XP level 3. HP: 16/33 MP: 3/3
   559 | D:4      | Reached XP level 4. HP: 16/40 MP: 4/4
   590 | D:4      | Noticed a scorpion
   598 | D:4      | Killed a scorpion
   599 | D:4      | Reached XP level 5. HP: 26/47 MP: 5/5
   718 | D:4      | Found a staircase to the Ecumenical Temple.
   741 | D:4      | Killed from afar by an orc priest

Illustrated notes

Levels and vault maps discovered:
D:1:      mrwooster_arrival_arrow, layout_basic
D:2:      layout_rooms, serial_shops, shop,
          hellmonk_ecumenical_altar_the_god_not_taken, uniq_crazy_yiuf_cottage,
          uniq_natasha
D:3:      layout_loops_cross
D:4:      layout_rooms, nicolae_dithmenos_through_a_glass_darkly,
          minmay_temple_entry_proselytizer, minmay_statues_item

Skill      XL: |  1  2  3  4 |
---------------+-------------+-----
Axes           | 3 4 |  4.8
Fighting       | 4 |  4.4
Armour         | 4 |  4.0
Shields        | 4 |  4.1

Action                   |  1- 3 |  4- 6 || total
-------------------------+-------+-------++-------
Melee: War axe           |    56 |    32 ||    88
  Use: Potion            |     2 |       ||     2
       Scroll            |     1 |       ||     1
Armor: Scale mail        |    13 |       ||    13
       Chain mail        |     8 |     5 ||    13
Dodge: Dodged            |    38 |    15 ||    53
Block: Buckler           |    18 |     5 ||    23

Table legend: (Time is in decaauts)
 A = Elapsed time spent in this place.
 B = Non-inter-level travel time spent in this place.
 C = Inter-level travel time spent in this place.
 D = Time resting spent in this place.
 E = Time spent auto-exploring this place.
 F = Levels seen in this place.
 G = Mean time per level.
                   A        B        C        D        E       F      G
               +--------+--------+--------+--------+--------+-----+--------+
         Total |    770 |    744 |     26 |     33 |    425 |   4 |  192.5 |
       Dungeon |    770 |    744 |     26 |     33 |    425 |   4 |  192.5 |
               +--------+--------+--------+--------+--------+-----+--------+

Top non-repeatable levels by time:
     D:3: 323 daAuts
     D:4: 233 daAuts
     D:1: 176 daAuts
     D:2: 37 daAuts
